 Dungeon Crawl Stone Soup version 0.24-a0-358-g53aee78b01 (webtiles) character file.

Game seed: 5617056779970378778

105 MisterOstroum the Covered (level 4, -7/35 HPs)
             Began as a Demonspawn Wanderer on May 25, 2019.
             Was an Initiate of Wu Jian.
             Killed by nerve-wracking pain
             ... invoked by Grinder
              (10 damage)
             ... on level 3 of the Dungeon.
             The game lasted 00:17:06 (3565 turns).

MisterOstroum the Covered (Demonspawn Wanderer)     Turns: 3565, Time: 00:17:06

Health: -7/35      AC:  5    Str: 12    XL:     4   Next: 54%
Magic:  0/4        EV: 10    Int: 12    God:    Wu Jian [......]
Gold:   137        SH:  0    Dex: 15    Spells: 3/3 levels left

rFire    . . .     SeeInvis .   a - +0 hand axe
rCold    . . .     Gourm    .   (no shield)
rNeg     . . .     Faith    .   g - +0 ring mail
rPois    .         Spirit   +   (no helmet)
rElec    .         Reflect  .   (no cloak)
rCorr    +         Harm     .   (no gloves)
MR       .....                  (no boots)
Stlth    +.........             (no amulet)
HPRegen  0.11/turn              r - ring of resist corrosion
MPRegen  0.09/turn              (no ring)

@: no status effects
A: magic shield
a: Renounce Religion


You were on level 3 of the Dungeon.
You worshipped Wu Jian.
Wu Jian was noncommittal.
You were not hungry.

You visited 1 branch of the dungeon, and saw 3 of its levels.

You collected 137 gold pieces.

Inventory:

Hand Weapons
 a - a +0 hand axe (weapon)
Missiles
 l - 96 stones (quivered)
Armour
 b - a +0 shield
 g - a +0 ring mail (worn)
Jewellery
 r - a ring of resist corrosion (left hand)
Scrolls
 d - 3 scrolls of teleportation {unknown}
 f - a scroll of amnesia {unknown}
 h - 3 scrolls of identify {unknown}
 j - 2 scrolls of remove curse {unknown}
 o - 2 scrolls of enchant armour {unknown}
 q - 3 scrolls of random uselessness {unknown}
 s - a scroll of enchant weapon {unknown}
Potions
 c - a potion of curing {@q1 !q}
 i - a potion of flight {unknown}
 k - a potion of degeneration {unknown}
 m - 2 potions of heal wounds {unknown}
 n - a potion of invisibility {unknown}
 p - a potion of agility {unknown}
Comestibles
 e - 9 rations


   Skills:
 + Level 3.2 Fighting
 + Level 3.3 Axes
   Level 1.0 Crossbows
 - Level 1.0 Throwing
 - Level 3.6 Armour
 - Level 1.0 Shields


You had 3 spell levels left.
You didn't know any spells.
Your spell library was empty.

Dungeon Overview and Level Annotations

Branches:
Dungeon (3/15)

Altars:
Nemelex Xobeh
Ru
Uskayaw
Vehumet
Wu Jian

Annotations:
D:3 Grinder, Robin


Innate Abilities, Weirdness & Mutations

When hurt, damage is shared between your health and your magic reserves.


Message History

You are feeling very hungry.
l - 78 stones (gained 1)
l - 79 stones (gained 1)
l - 80 stones (gained 1)
l - 83 stones (gained 3) 2 jackals come into view.
The jackal barks! x2
Found a stone staircase leading down.
The jackal misses you.
You slash the jackal!
You kill the jackal!
The Council accepts your kill. The jackal bites you.
You closely miss the jackal. The jackal barely misses you.
You hit the jackal.
The jackal is moderately wounded.
The jackal barely misses you. x2
You closely miss the jackal.
The jackal is moderately wounded.
The jackal closely misses you. The jackal bites you.
You barely miss the jackal.
The jackal is moderately wounded.
The jackal bites you but does no damage.
You hit the jackal.
You kill the jackal!
The Council accepts your kill.
No target in view!
No target in view!
You see here a jackal corpse.
You butcher the jackal corpse.
t - 2 chunks of flesh You see here a jackal skeleton.
Eating one of 2 chunks of flesh.
You eat one of the 2 chunks of flesh.
This raw flesh tastes terrible.
Eating a chunk of flesh.
You eat the chunk of flesh.
This raw flesh tastes terrible.
Found a stone staircase leading down.
l - 101 stones (gained 18) Grinder comes into view.
Grinder shouts!
You aren't carrying any items that you can evoke.
No other missiles available.
Use F to throw any item.
Throwing (i - inventory)
l - 101 stones (quivered)
Press: ? - help, Shift-Dir - straight line, f - Grinder
Aim: Grinder You throw a stone.
The stone hits Grinder but does no damage.
Throwing (i - inventory)
l - 100 stones (quivered)
Press: ? - help, Shift-Dir - straight line, f/p - Grinder
Aim: Grinder You throw a stone.
The stone hits Grinder but does no damage.
You slash Grinder!
Grinder is lightly wounded.
Grinder blinks!
Throwing (i - inventory)
l - 99 stones (quivered)
Press: ? - help, Shift-Dir - straight line, f/p - Grinder
Aim: Grinder (lightly wounded)
You throw a stone. The stone hits Grinder.
Grinder is moderately wounded.
Throwing (i - inventory)
l - 98 stones (quivered)
Press: ? - help, Shift-Dir - straight line, f/p - Grinder
Aim: Grinder (moderately wounded)
You throw a stone. The stone hits Grinder.
Grinder is moderately wounded.
Grinder blinks!
Unknown command.
You hit Grinder but do no damage.
Grinder is moderately wounded.
Grinder blinks!
Throwing (i - inventory)
l - 97 stones (quivered)
Press: ? - help, Shift-Dir - straight line, f/p - Grinder
Aim: Grinder (moderately wounded)
You throw a stone.
The stone hits Grinder but does no damage.
Grinder is moderately wounded.
Grinder blinks!
You closely miss Grinder.
Grinder is moderately wounded.
Grinder hits you.
You writhe in agony.
You hit Grinder.
Grinder is moderately wounded.
Grinder hits you.
You barely miss Grinder.
Grinder is moderately wounded.
Grinder says, "Wait up."
Grinder hits you.
You writhe in agony.
You hit Grinder.
Grinder is moderately wounded.
Grinder hits you!
You writhe in agony.
* * * LOW HITPOINT WARNING * * *
You hit Grinder but do no damage.
Grinder is moderately wounded.
Grinder gestures at you. Pain shoots through your body!
* * * LOW HITPOINT WARNING * * *
Unknown command.
Grinder gestures at you. Pain shoots through your body!
You die...

#.......)....#
#............#
#..>.........#
#.#..........#
#.#........<.#
# ##.........#
##+#.######
#.######
#.((@..#
######5# (# (#
.. .# .. ..


You could see Grinder.

Vanquished Creatures
  A gnoll (D:2)
  3 adders
  An ooze (D:1)
  A worm (D:3)
  2 dart slugs
  A leopard gecko (D:3)
  A giant cockroach (D:3)
  7 goblins
  8 hobgoblins
  4 jackals
  5 kobolds
  A quokka (D:2)
  A ball python (D:3)
  8 bats
  4 frilled lizards
  7 rats
55 creatures vanquished.

Notes
Turn   | Place    | Note
-------+----------+-------------------------------------------
     0 | D:1      | MisterOstroum the Demonspawn Wanderer began the quest for
                  | the Orb.
     0 | D:1      | MisterOstroum set off with the following items: a +0 hand
                  | axe, a +0 shield, a potion of curing {@q1 !q}, a +0 robe, a
                  | ration
     0 | D:1      | Reached XP level 1. HP: 15/15 MP: 1/1
   333 | D:1      | Gained mutation: When hurt, damage is shared between your
                  | health and your magic reserves. [demonic ancestry]
   333 | D:1      | Reached XP level 2. HP: 17/22 MP: 2/2
   964 | D:2      | Reached XP level 3. HP: 25/27 MP: 3/3
  1488 | D:2      | Found an ornate altar of the Wu Jian Council.
  1499 | D:2      | Became a worshipper of the Wu Jian Council
  1570 | D:2      | Found a sacrificial altar of Ru.
  1573 | D:2      | Found a hide-covered altar of Uskayaw.
  1587 | D:2      | Found a sparkling altar of Nemelex Xobeh.
  1590 | D:2      | Found a radiant altar of Vehumet.
  2191 | D:2      | Reached XP level 4. HP: 7/34 MP: 1/4
  2625 | D:3      | Identified the +0 helmet of a wizard's laboratory {Str+7
                  | Dex+7}
  2625 | D:3      | Noticed Robin
  3552 | D:3      | Noticed Grinder
  3565 | D:3      | Killed from afar by Grinder

Levels and vault maps discovered:
D:1:      tarquinn_simple_flora_water_b, layout_loops_ring
D:2:      minmay_inner_zag, layout_loops_ring, overflow_temple_1_default,
          grunt_temple_overflow_cloverleaf, serial_forest,
          infiniplex_forest_zigzag_1, infiniplex_forest_lined_room_,
          infiniplex_forest_straight_4, infiniplex_forest_end_1,
          infiniplex_forest_straight_3, infiniplex_forest_diagonal
D:3:      layout_basic, tgw_sif, first_ration, uniq_grinder, uniq_robin

Skill      XL: |  1  2  3  4 |
---------------+-------------+-----
Axes           | 2 3 |  3.3
Fighting       | 2 3 |  3.2
Crossbows      | |  1.0
Throwing       | |  1.0
Armour         | |  3.6
Shields        | |  1.0

Action                   |  1- 3 |  4- 6 || total
-------------------------+-------+-------++-------
Melee: Hand axe          |   168 |    77 ||   245
Throw: Stone             |    57 |    21 ||    78
Invok: Lunge             |     3 |     4 ||     7
 Stab: Sleeping          |     1 |       ||     1
  Eat: Chunk             |     4 |     5 ||     9
Armor: Robe              |    11 |       ||    11
       Ring mail         |    56 |    35 ||    91
Dodge: Dodged            |   116 |    37 ||   153

Table legend:
 A = Non-vault XP
 B = Vault XP
 C = Vault XP percentage of total XP
 D = Non-vault monster count
 E = Vault monster count
 F = Vault count percentage of total count
                 A         B        C        D         E       F
            +---------+---------+-------+---------+---------+-------
      Total |     114 |      37 |  24.5 |      47 |       8 |  14.5
            +---------+---------+-------+---------+---------+-------
        D:1 |      40 |       0 |   0.0 |      19 |       0 |   0.0
        D:2 |      38 |      37 |  49.3 |      18 |       8 |  30.8
        D:3 |      36 |       0 |   0.0 |      10 |       0 |   0.0
            +---------+---------+-------+---------+---------+-------
